 Dungeon Crawl Stone Soup version 0.22.0-38-g04b72b8 (webtiles) character file.

39 Gildeon the Conjurer (level 3, 0/21 HPs)
             Began as an Octopode Conjurer on Aug 29, 2018.
             Succumbed to an adder's poison
             ... on level 2 of the Dungeon.
             The game lasted 00:06:38 (756 turns).

Gildeon the Conjurer (Octopode Conjurer)             Turns: 756, Time: 00:06:39

Health: 0/21       AC:  1    Str:  7    XL:     3   Next: 45%
Magic:  5/6        EV: 13    Int: 18    God:
Gold:   46         SH:  0    Dex: 12    Spells: 0/6 levels left

rFire    . . .     SeeInvis .   e - +0 dagger
rCold    . . .     Gourm    .   (no shield)
rNeg     . . .     Faith    .   (helmet restricted)
rPois    .         Spirit   .   (no amulet)
rElec    .         Reflect  .   j - ring of teleportation (curse)
rCorr    .         Harm     .   (no ring)
MR       .....     Rnd*Tele +   (no ring)
Stlth    +++.......             (no ring)
HPRegen  0.07/turn              (no ring)
MPRegen  0.10/turn              (no ring)
                                (no ring)
                                (no ring)

@: lethally poisoned (0 -> -12)
A: almost no armour, stealthy swim, amphibious, 8 rings, constrict 8, camouflage
1, gelatinous body 1
a: no special abilities


You were on level 2 of the Dungeon.
You were not hungry.

You visited 1 branch of the dungeon, and saw 2 of its levels.

You collected 46 gold pieces.

Inventory:

Hand Weapons
 e - a +0 dagger (weapon)
Jewellery
 j - a cursed ring of teleportation (left tentacle)
Scrolls
 m - a scroll of remove curse {unknown}
Potions
 a - 2 potions of resistance
 f - a potion of cancellation
 g - a potion of ambrosia
 i - a potion of haste
 l - 2 potions of berserk rage {unknown}
Comestibles
 b - 3 rations
 c - 10 chunks of flesh


   Skills:
 + Level 2.5 Dodging
 + Level 3.5 Stealth
 + Level 2.4 Spellcasting
 + Level 4.3 Conjurations


You couldn't memorise any spells.
You knew the following spells:

 Your Spells              Type           Power        Failure   Level  Hunger
a - Magic Dart            Conj           ###.         3%          1    #......
b - Searing Ray           Conj           ###...       4%          2    ##.....
c - Dazzling Spray        Conj/Hex       #.....       22%         3    ###....

Your spell library contained the following spells:

 Spells                   Type           Power        Failure   Level  Hunger
 Iskenderun's Mystic Bla  Conj           ###.....     30%         4    #####..
 Force Lance              Conj/Tloc      #.......     56%         4    #####..
 Fulminant Prism          Conj/Hex       #.........   56%         4    #####..


Dungeon Overview and Level Annotations

Branches:
Dungeon (2/15)

Altars:


Innate Abilities, Weirdness & Mutations

You cannot wear most types of armour.
You are very stealthy in the water. (Stealth+)
You are amphibious.
You can wear up to eight rings at the same time.
You can use your tentacles to constrict eight enemies at once.
Your skin changes colour to match your surroundings (Stealth+).
Your rubbery body absorbs attacks. (AC +1, EV +1)


Message History

You butcher the bat corpse.
A dart slug comes into view.
You see here a chunk of flesh.
c - 10 chunks of flesh (gained 1)
The adder bites you.
You are poisoned.
The adder poisons you! The adder closely misses you.
You barely miss the adder. You grab the adder. You constrict the adder.
You feel sick. The dart slug launches a dart at you. The slug dart hits you!
* * * LOW HITPOINT WARNING * * *
The adder bites you.
* * * LOW HITPOINT WARNING * * *
You are more poisoned.
The adder poisons you!
You release your grip on the adder.
* * * LOW HITPOINT WARNING * * *
You feel sick.
You die...

###w
##...
###.[..
.......
###..!.##
.......>#
#.##S#
#....#
####@#
#.# #.#
..# #[#
#.# ..#
###


You could see an adder.

Vanquished Creatures
  An ooze (D:2)
  A dart slug (D:1)
  A ball python (D:1)
  3 bats
  A giant cockroach (D:1)
  6 hobgoblins
  4 jackals
  2 frilled lizards
  3 goblins
  2 kobolds (D:1)
  6 rats
30 creatures vanquished.

Notes
Turn   | Place    | Note
-------+----------+-------------------------------------------
     0 | D:1      | Gildeon the Octopode Conjurer began the quest for the Orb.
     0 | D:1      | Reached XP level 1. HP: 11/11 MP: 3/3
   303 | D:1      | Reached XP level 2. HP: 17/17 MP: 5/5
   313 | D:1      | Learned a level 2 spell: Searing Ray
   619 | D:1      | Reached XP level 3. HP: 17/21 MP: 1/6
   631 | D:1      | Learned a level 3 spell: Dazzling Spray
   755 | D:2      | HP: 1/21 [poisoned by an adder]
   756 | D:2      | Succumbed to an adder's poison

Skill      XL: |  1 |
---------------+----+-----
Stealth        | 3 |  3.5
Dodging        | |  2.5
Spellcasting   | |  2.4
Conjurations   | |  4.3

Action                   || total
-------------------------++-------
Melee: Dagger            ||    46
       Constrict         ||    15
       Unarmed           ||     5
       Tentacles         ||    13
 Cast: Magic Dart        ||    20
  Use: Scroll            ||     6
 Stab: Sleeping          ||     7
Armor: Skin              ||     6
Dodge: Dodged            ||    24
